 Dungeon Crawl Stone Soup version 0.25-a0-558-g78a2afb0af (webtiles) character file.

Game seed: 16699337368371161256, levelgen mode: deterministic

547 Leibowitz the Sneak (level 7, -1/32 HPs)
             Began as a Spriggan Enchanter on Feb 25, 2020.
             Killed by divine providence
             ... invoked by an orc priest
              (14 damage)
             ... on level 4 of the Dungeon.
             The game lasted 00:17:17 (4582 turns).

Leibowitz the Sneak (Spriggan Enchanter)            Turns: 4582, Time: 00:17:18

Health: -1/32      AC:  2    Str:  4    XL:     7   Next: 7%
Magic:  16/16      EV: 19    Int: 18    God:
Gold:   171        SH:  0    Dex: 17    Spells: 10/16 levels left

rFire    . . .     SeeInvis +   a - +1 dagger
rCold    . . .     Gourm    .   (shield restricted)
rNeg     . . .     Faith    .   b - +0 robe
rPois    .         Spirit   .   (helmet restricted)
rElec    .         Reflect  .   (no cloak)
rCorr    .         Harm     .   (gloves unavailable)
MR       +....                  (boots unavailable)
Stlth    ++++......             (no amulet)
HPRegen  0.10/turn              (no ring)
MPRegen  0.15/turn              (no ring)

@: very quick
A: very small, unfitting armour, see invisible, herbivore, speed 3, slow
metabolism 2
a: no special abilities


You were on level 4 of the Dungeon.
You were not hungry.

You visited 1 branch of the dungeon, and saw 4 of its levels.

You collected 171 gold pieces.

Inventory:

Hand Weapons
 a - a +1 dagger (weapon)
Armour
 b - a +0 robe (worn)
Jewellery
 l - a cursed ring of attention {unknown}
Wands
 k - a wand of iceblast (12)
Scrolls
 c - 2 scrolls of blinking {unknown}
 e - 3 scrolls of teleportation {unknown}
 h - a scroll of immolation {unknown}
 i - 2 scrolls of remove curse {unknown}
 j - 4 scrolls of identify {unknown}
 n - a scroll of noise {unknown}
 o - a scroll of fear {unknown}
 p - 2 scrolls of amnesia {unknown}
Potions
 f - a potion of degeneration {unknown}
 g - a potion of haste {unknown}
 m - a potion of brilliance {unknown}
 q - 3 potions of curing {unknown}
Comestibles
 d - 2 rations


   Skills:
 + Level 0.7 Fighting
 + Level 2.5 Short Blades
 + Level 4.1 Dodging
 + Level 7.6 Stealth
 + Level 5.3 Spellcasting
 + Level 5.3 Hexes
 + Level 1.2 Ice Magic


You had 10 spell levels left.
You knew the following spells:

 Your Spells              Type           Power        Failure   Level  Hunger
a - Corona                Hex            ###....      1%          1    None
b - Ensorcelled Hibernat  Hex/Ice        ###...       4%          2    #......
c - Confusing Touch       Hex            ###.....     4%          3    ##.....

Your spell library contained the following spells:

 Spells                   Type           Power        Failure   Level  Hunger
 Tukima's Dance           Hex            ###.....     4%          3    ##.....
 Dazzling Flash           Conj/Hex       ##....       13%         3    ##.....


Dungeon Overview and Level Annotations

Branches:
Dungeon (4/15)
 Temple: D:4-7

Altars:
Xom


Innate Abilities, Weirdness & Mutations

You are very small and have problems with some larger weapons.
You are too small for most types of armour.
You have supernaturally acute eyesight. (SInv)
You are a herbivore.
You cover ground extremely quickly.
You need to consume almost no food.


Message History

The orc barely misses you.
You hit the orc.
The orc is heavily wounded.
The orc closely misses you.
You hit the orc.
You kill the orc!
Things that are here:
a +0 club; a +0 scale mail
There is a stone staircase leading down here.
You climb downwards.
There is a stone staircase leading up here.
You see here a leather armour.
There is an escape hatch in the floor here.
The orc priest shouts!
The orc priest is too close now for your liking.
The orc priest calls down the wrath of Beogh upon you.
Beogh smites you!
The orc priest invokes the aid of Beogh against you.
Beogh smites you!
You die...

#..# #..#.......# ##.##
#..#..o....## #..#
#............. ##.##
#.<.......###### ######## #..#
#.........##...# #......####.##
#.........##.#.#
#............###.........##.#.#
#..#.....##........o.....##.#.#
#..#....#.....##@#.......##.#.#
#...#..#....#.##.#).[....##.#.#
#....###......##.##########.#.#
......###......#.# #.#.#
......#..#..##.#.# #.#<#
.....#....#.##.#.# #[###
#†.##.....#.##...##########.#
#..†.................>......#
#....(..##...##.>...........#


You could see 2 orc priests.

Vanquished Creatures
  Eustachio (D:4)
  An ogre (D:4)
  A phantom (D:4)
  2 orc priests (D:3)
  2 orc wizards (D:3)
  A worker ant (D:4)
  A gnoll (D:4)
  An adder (D:2)
  An ooze (D:1)
  2 worms
  3 dart slugs
  2 leopard geckos
  4 orcs (D:3)
  8 bats
  4 giant cockroaches
  9 goblins
  10 hobgoblins
  2 jackals (D:4)
  A quokka (D:3)
  A ball python (D:4)
  4 frilled lizards
  7 kobolds
  6 rats
74 creatures vanquished.

Notes
Turn   | Place    | Note
-------+----------+-------------------------------------------
     0 | D:1      | Leibowitz the Spriggan Enchanter began the quest for the
                  | Orb.
     0 | D:1      | Reached XP level 1. HP: 9/9 MP: 5/5
   270 | D:1      | Reached XP level 2. HP: 10/13 MP: 7/7
   282 | D:1      | Learned a level 2 spell: Ensorcelled Hibernation
   911 | D:1      | Reached skill level 5 in Stealth
   923 | D:1      | Reached XP level 3. HP: 12/16 MP: 5/8
   928 | D:1      | Learned a level 3 spell: Confusing Touch
  2005 | D:3      | Reached XP level 4. HP: 21/21 MP: 7/10
  2404 | D:3      | Reached skill level 6 in Stealth
  3029 | D:3      | Reached XP level 5. HP: 23/24 MP: 8/12
  3613 | D:4      | Found a shimmering altar of Xom.
  3614 | D:4      | Noticed Eustachio
  3618 | D:4      | Found a shimmering altar of Xom.
  3639 | D:4      | Found a shimmering altar of Xom.
  3641 | D:4      | Found a shimmering altar of Xom.
  3663 | D:4      | Noticed an ogre
  3682 | D:4      | Killed an ogre
  3682 | D:4      | Reached skill level 7 in Stealth
  3682 | D:4      | Reached XP level 6. HP: 28/28 MP: 7/14
  3733 | D:4      | Killed Eustachio
  3733 | D:4      | Reached skill level 5 in Spellcasting
  3733 | D:4      | Reached skill level 5 in Hexes
  3733 | D:4      | Reached skill level 1 in Ice Magic
  4107 | D:4      | Reached XP level 7. HP: 25/32 MP: 10/15
  4582 | D:4      | Killed from afar by an orc priest

Levels and vault maps discovered:
D:1:      heliophobic_arrival_dark_side_of_the_moon, layout_rooms
D:2:      layout_basic, kennysheep_nub
D:3:      cheibrodos_pilgrimage, layout_loops_ring
D:4:      layout_basic, chequers_temple_overflow_statue_of_worship,
          minmay_misc_feat_doors, minmay_misc_feat_chi, xom_redecorated,
          uniq_eustachio

Skill      XL: |  1  2  3  4  5  6 |
---------------+-------------------+-----
Spellcasting   | 3 4 5 |  5.3
Hexes          | 4 5 |  5.3
Stealth        | 5 6 7 |  7.6
Short Blades   | 2 |  2.5
Dodging        | 4 |  4.1
Ice Magic      | 1 |  1.2
Fighting       | |  0.7

Action                   |  1- 3 |  4- 6 |  7- 9 || total
-------------------------+-------+-------+-------++-------
Melee: Dagger            |   124 |   106 |    42 ||   272
 Cast: Corona            |    23 |       |       ||    23
       Ensorcelled Hiber |    15 |    16 |       ||    31
       Confusing Touch   |     6 |    11 |     1 ||    18
 Stab: Sleeping          |    24 |    13 |       ||    37
       Confused          |     2 |     8 |     1 ||    11
       Distracted        |       |     1 |     1 ||     2
  Eat: Ration            |       |     2 |     1 ||     3
Armor: Robe              |    14 |     3 |     2 ||    19
Dodge: Dodged            |   102 |    56 |    27 ||   185

Table legend:
 A = Non-vault XP
 B = Vault XP
 C = Vault XP percentage of total XP
 D = Non-vault monster count
 E = Vault monster count
 F = Vault count percentage of total count
                 A         B        C        D         E       F
            +---------+---------+-------+---------+---------+-------
      Total |     427 |     355 |  45.4 |      67 |       7 |   9.5
            +---------+---------+-------+---------+---------+-------
        D:1 |      46 |       0 |   0.0 |      22 |       0 |   0.0
        D:2 |      36 |       0 |   0.0 |      15 |       0 |   0.0
        D:3 |      41 |     159 |  79.5 |      20 |       6 |  23.1
        D:4 |     304 |     196 |  39.2 |      10 |       1 |   9.1
            +---------+---------+-------+---------+---------+-------
